 Dungeon Crawl Stone Soup version bcrawl-1.28 (webtiles) character file.

Game seed: 8671115962613286825

54708 MisterOstroum the Magician (level 1, 0/15 HPs)
             Began as a Mummy Wanderer on Nov 21, 2020.
             Slain by a kobold
             ... wielding a +0 falchion
              (3 damage)
             ... on level 1 of the Dungeon.
             The game lasted 00:02:06 (840 turns).

MisterOstroum the Magician (Mummy Wanderer)          Turns: 840, Time: 00:02:06

Health: 0/15       AC:  2    Str: 13    XL:     1   Next: 75%
Magic:  4/4        EV: 11    Int: 14    God:
Gold:   4          SH:  0    Dex: 10    Spells: 5/5 levels left

rFire    x . .     SeeInvis .   a - +0 dagger
rCold    + . .     Gourm    .   (no shield)
rNeg     + + +     Faith    .   c - +0 robe
rPois    ∞         Spirit   .   (no helmet)
rElec    .         Reflect  .   (no cloak)
rCorr    .         Harm     .   (no gloves)
MR       .....     Clarity  +   (no boots)
Stlth    +.........             (no amulet)
HPRegen  0.05/turn              (no ring)
MPRegen  0.09/turn              (no ring)

@: no status effects
A: no food or potions, fire vulnerability, clarity, cold resistance 1, negative
energy resistance 3, torment resistance, unbreathing
a: no special abilities


You were on level 1 of the Dungeon.
You were not hungry.

You visited 1 branch of the dungeon, and saw 2 of its levels.

You collected 4 gold pieces.

Inventory:

Hand Weapons
 a - a +0 dagger (weapon)
 e - a +0 club
Armour
 c - a +0 robe (worn)
 d - a +0 medium shield
Scrolls
 b - 2 scrolls of teleportation {@r3 !r}
 f - a scroll of immolation {unknown}


   Skills:
 * Level 1.0 Fighting
 - Level 1.1 Stealth
 - Level 1.2 Shields
 - Level 2.6 Spellcasting
   Level 2.0 Necromancy
   Level 2.4 Earth Magic
   Level 1.0 Poison Magic


You had 5 spell levels left.
You didn't know any spells.
Your spell library was empty.

Dungeon Overview and Level Annotations

Branches:
Dungeon (2/12)

Altars:


Innate Abilities, Weirdness & Mutations

You do not eat or drink.
Your flesh is vulnerable to fire.
You are immune to poison.
You possess an exceptional clarity of mind.
Your flesh is cold resistant. (rC+)
You are immune to negative energy. (rN+++)
You are immune to unholy pain and torment.
You can survive without breathing.


Message History

The bat hits you but does no damage.
You closely miss the bat. You block the bat's attack. The bat hits you.
You hit the bat but do no damage. You block the bat's attack. x2
Your shield prevents you from hitting the bat.
The bat barely misses you. You block the bat's attack.
You hit the bat but do no damage. The bat hits you but does no damage.
The bat hits you.
You hit the bat but do no damage. You block the bat's attack.
The bat hits you but does no damage.
You hit the bat.
You kill the bat!
Your Fighting skill increases to level 1!
Wield which item (- for none, * to show all)? (? for menu, Esc to quit)
Okay, then.
Wear which item? (? for menu, Esc to quit)
You start removing your armour.
You continue taking off your +0 medium shield. x4
You finish taking off your +0 medium shield.
A hobgoblin and a kobold come into view.
The kobold shouts!
The hobgoblin shouts!
There is a stone staircase leading down here.
You climb downwards.
A quokka comes into view.
Found a stone staircase leading down.
There is a stone staircase leading up here.
You climb upwards.
The hobgoblin misses you. The kobold closely misses you.
The hobgoblin closely misses you.
There is a stone staircase leading down here.
You hit the hobgoblin but do no damage. The kobold barely misses you.
The hobgoblin hits you but does no damage.
The hobgoblin barely misses you. The kobold misses you.
There is a stone staircase leading down here.
You hit the kobold but do no damage. The kobold closely misses you.
You closely miss the kobold. The kobold barely misses you.
You barely miss the kobold. The kobold hits you with a +0 falchion.
You hit the kobold but do no damage. The kobold hits you with a +0 falchion.
* * * LOW HITPOINT WARNING * * *
Press: ? - help, v - describe, . - travel
Press: ? - help, v - describe, . - travel
There is a rock wall here.
Pillar chosen.
Step on one of the excluded tiles and press space to continue.
Starting manual walk.
There is a stone staircase leading down here.
There is a stone staircase leading down here.
There is a stone staircase leading down here.
There is a stone staircase leading down here.
There is a stone staircase leading down here.
There is a stone staircase leading down here.
There is a stone staircase leading down here.
Unknown command.
No missiles available.
Use F to throw any item.
Unknown command.
Press: ? - help, v - describe, . - travel
There is a rock wall here.
Path cleared.
No path to travel!
You closely miss the kobold. The kobold hits you with a +0 falchion.
You miss the kobold. The kobold hits you with a +0 falchion.
You hit the kobold but do no damage. The kobold closely misses you.
You hit the kobold.
The kobold is severely wounded.
The kobold barely misses you.
You completely miss the kobold.
The kobold is severely wounded.
The kobold hits you with a +0 falchion.
You hit the kobold but do no damage.
The kobold is severely wounded.
The kobold barely misses you.
You hit the kobold but do no damage.
The kobold is severely wounded.
The kobold hits you but does no damage.
Press: ? - help, v - describe, . - travel
Here: a kobold, wielding a +0 falchion (severely wounded)
Press: ? - help, v - describe, . - travel Describe a (M)onster, (S)pell, s(K)ill, (A)bility, (C)ard, (I)tem, (F)eature, (G)od, (B)ranch, c(L)oud or s(T)atus?
Describe a item; partial names and regexps are fine.
Enter a single letter to list items displayed by that symbol.
Describe what? falc Describe a (M)onster, (S)pell, s(K)ill, (A)bility, (C)ard, (I)tem, (F)eature, (G)od, (B)ranch, c(L)oud or s(T)atus?
Okay, then.
Press: ? - help, v - describe, . - travel
Here: a kobold, wielding a +0 falchion (severely wounded) Unknown command.
There is a stone staircase leading down here.
There is a stone staircase leading down here.
The kobold completely misses you.
You see here a dagger.
You hit the kobold.
The kobold is moderately wounded.
The kobold hits you with a +0 falchion.
You barely miss the kobold.
The kobold is moderately wounded.
The kobold hits you with a +0 falchion.
* * * LOW HITPOINT WARNING * * *
You closely miss the kobold.
The kobold is moderately wounded.
The kobold closely misses you.
You closely miss the kobold.
The kobold is moderately wounded.
The kobold hits you with a +0 falchion.
You die...

# ######.#### # #.#
######.#### ######
#.# ...^........
...... #.#
#######..... #####.
#.# #####. # #.# #.
#.# #. #.# ## #@#
#.# #K# #.#
################g#
#.#
........>.....##)#
#.#
.........####.##.#
#.#
########.###g..#.#
#.# #..g..#...# #.#
#####...#.#####.###
##............#


You could see a hobgoblin and a kobold.

Vanquished Creatures
  A leopard gecko (D:1)
  A goblin (D:1)
  2 kobolds (D:1)
  A bat (D:1)
5 creatures vanquished.

Notes
Turn   | Place    | Note
-------+----------+-------------------------------------------
     0 | D:1      | MisterOstroum the Mummy Wanderer began the quest for the
                  | Orb.
     0 | D:1      | MisterOstroum set off with the following items: a +0 club,
                  | a scroll of teleportation {@r3 !r}, a +0 robe, a +0 medium
                  | shield
     0 | D:1      | Reached XP level 1. HP: 13/13 MP: 4/4
   518 | D:1      | Reached skill level 1 in Fighting
   840 | D:1      | Slain by a kobold

Skill      XL: |  1 |
---------------+----+-----
Fighting       | 1 |  1.0
Stealth        | |  1.1
Shields        | |  1.2
Spellcasting   | |  2.6
Necromancy     | |  2.0
Earth Magic    | |  2.4
Poison Magic   | |  1.0

Action                   || total
-------------------------++-------
Melee: Dagger            ||    43
       Club              ||     7
Armor: Robe              ||    11
Dodge: Dodged            ||    23
Block: Medium shield     ||    20
